 Dungeon Crawl Stone Soup version 0.27.0-1-g7a089689b8 (webtiles) character file.

Game seed: 16885810125484540938

986 ZombieSheep the Cutter (level 8, -2/49 HPs)
             Began as a Kobold Hunter on Aug 10, 2021.
             Was a Follower of Okawaru.
             Killed from afar by Blork the orc (9 damage)
             ... with a puff of frost
             ... on level 5 of the Dungeon.
             The game lasted 00:11:57 (7562 turns).

ZombieSheep the Cutter (Kobold Hunter)              Turns: 7562, Time: 00:11:58

Health: -2/49      AC:  7    Str: 11    XL:     8   Next: 41%
Magic:  10/10      EV: 12    Int: 12    God:    Okawaru [*.....]
Gold:   201        SH:  0    Dex: 16    Spells: 7/7 levels left

rFire    . . .     SeeInvis .   a - +1 hand crossbow
rCold    . . .     Faith    .   (shield restricted)
rNeg     . . .     Spirit   .   n - +0 scale mail
rPois    .         Reflect  .   j - +0 helmet
rElec    .         Harm     .   (no cloak)
rCorr    .         Rampage  .   (no gloves)
Will     .....                  (no boots)
Stlth    ++........             (no amulet)
HPRegen  0.16/turn              (no ring)
MPRegen  0.12/turn              (no ring)

@: no status effects
A: small, no large weapons, nightstalker 3
a: Renounce Religion, Heroism


You were on level 5 of the Dungeon.
You worshipped Okawaru.
Okawaru was aware of your devotion.
You visited 2 branches of the dungeon, and saw 6 of its levels.

You collected 201 gold pieces.

Inventory:

Hand Weapons
 a - a +1 hand crossbow (weapon)
 b - a +1 short sword
 m - a +0 rapier
Missiles
 d - 19 bolts (quivered ammo)
 k - 2 throwing nets
Armour
 j - a +0 helmet (worn)
 n - a +0 scale mail (worn)
Scrolls
 e - 3 scrolls of enchant weapon
 i - a scroll of identify {unknown}
 l - a scroll of teleportation
 o - a scroll of fog {unknown}
Potions
 c - 2 potions of degeneration {unknown}
 f - a potion of flight {unknown}
 g - a potion of lignification {unknown}
 h - a potion of might


   Skills:
 + Level 5.2 Fighting
 + Level 6.5 Short Blades
 + Level 5.5 Crossbows
 - Level 5.1 Dodging
 - Level 4.0 Stealth
 + Level 3.4 Invocations


You had 7 spell levels left.
You didn't know any spells.
Your spell library contained the following spells:

 Spells                   Type           Power      Damage    Failure   Level
 Animate Skeleton         Necr           0%         N/A       91%         1
 Apportation              Tloc           0%         N/A       91%         1
 Corona                   Hex            0%         N/A       91%         1
 Magic Dart               Conj           0%         1d3       91%         1
 Summon Small Mammal      Summ           0%         N/A       91%         1
 Searing Ray              Conj           0%         3d3       97%         2
 Ozocubu's Armour         Ice            0%         N/A       99%         3
 Fulminant Prism          Conj/Hex       0%         3d6       100%        4
 Conjure Ball Lightning   Conj/Air       0%         3x3d6     100%        6
 Ozocubu's Refrigeration  Ice            0%         4d5       100%        7
 Discord                  Hex            0%         N/A       100%        8
 Disjunction              Tloc           0%         N/A       100%        8


Dungeon Overview and Level Annotations

Branches:
Dungeon (5/15)             Temple (1/1) D:4

Altars:
Ashenzari
Cheibriados
Dithmenos
Elyvilon
Hepliaklqana
Kikubaaqudgha
Makhleb
Nemelex Xobeh
Okawaru
Ru
Uskayaw
Vehumet
Wu Jian
Xom
Yredelemnul
The Shining One

Shops:
D:5 (*

Annotations:
D:4 3 runed translucent doors, Calibrex's ghost, amateur DsGl
D:5 Blork the orc


Innate Abilities, Weirdness & Mutations

You are small and have problems with some larger weapons.
You are completely attuned to the shadows.


Message History

Blork the orc barely misses you.
You shoot a bolt. The bolt hits Blork the orc.
Blork the orc is severely wounded.
Blork the orc closely misses you. Blork the orc casts a spell at you.
The puff of flame hits you.
You are too injured to fight recklessly!
You are too injured to fight recklessly!
You are too injured to fight recklessly!
You are too injured to fight recklessly!
Unknown command.
Fire: 23 bolts
Press: ? - help, Q - select action, (/) - cycle Shift-Dir - straight line, f/p - Blork the orc
Aim: Blork the orc, wielding a +3 quarterstaff and wearing a +0 robe (thin mist, severely wounded, 71% to hit)
You shoot a bolt. The bolt barely misses Blork the orc.
Blork the orc hits you with a +3 quarterstaff!
* * * LOW HITPOINT WARNING * * *
Fire: 22 bolts
Press: ? - help, Q - select action, (/) - cycle Shift-Dir - straight line, f/p - Blork the orc
Aim: Blork the orc, wielding a +3 quarterstaff and wearing a +0 robe (thin mist, severely wounded, 71% to hit)
You shoot a bolt.
The bolt hits Blork the orc but does no damage.
Blork the orc is severely wounded.
Blork the orc hits you with a +3 quarterstaff.
* * * LOW HITPOINT WARNING * * *
Fire: 21 bolts
Press: ? - help, Q - select action, (/) - cycle Shift-Dir - straight line, f/p - Blork the orc
Aim: Blork the orc, wielding a +3 quarterstaff and wearing a +0 robe (thin mist, severely wounded, 70% to hit)
You shoot a bolt. The bolt hits Blork the orc.
Blork the orc is severely wounded.
Blork the orc barely misses you.
Fire: 20 bolts
Press: ? - help, Q - select action, (/) - cycle Shift-Dir - straight line, f/p - Blork the orc
Aim: Blork the orc, wielding a +3 quarterstaff and wearing a +0 robe (thin mist, severely wounded, 70% to hit)
You shoot a bolt. The bolt closely misses Blork the orc.
Blork the orc hits you with a +3 quarterstaff.
* * * LOW HITPOINT WARNING * * *
Blork the orc casts a spell at you. The puff of frost hits you!
You die...

#§§§§§#.# ##.[....
##§§§##.######....##.
#§§§##.##<#........#
#§§§##..............
#§§§####.......##..# #§§§#
#####....##.. #§§§#
#.......#..#
##§§§#####.........##
.§§§@§§..#....###..#. ###
.§§#o§._.##..#####... ##.#
....(....#..##.......
###..#####...#####..##.∩.....
##.##...# #(((#......##.......
##....#.## #.......#####)).
#....#### #........###....
#(......###### #...............
###.....##...###...............


You could see Blork the orc.

Vanquished Creatures
  A sky beast (D:5)
  2 ogres (D:5)
  A gnoll sergeant (D:5)
  A wyvern zombie (D:5)
  2 centaur zombies
  4 hounds
  A bullfrog zombie (D:4)
  2 centaur skeletons
  A gnoll shaman (D:5)
  An iguana (D:4)
  A hound skeleton (D:5)
  14 gnolls
  3 adders
  An adder skeleton (D:4)
  A worm (D:4)
  2 dart slugs
  3 orcs
  3 bats
  7 endoplasms
  5 giant cockroaches
  6 hobgoblins
  12 jackals
  3 kobolds
  9 quokkas
  12 ball pythons
  3 frilled lizards
  6 goblins
  A quokka skeleton (D:4)
  6 rats
114 creatures vanquished.

Notes
Turn   | Place    | Note
-------+----------+-------------------------------------------
     0 | D:1      | ZombieSheep the Kobold Hunter began the quest for the Orb.
     0 | D:1      | Reached XP level 1. HP: 12/12 MP: 1/1
   276 | D:1      | Reached skill level 1 in Short Blades
   276 | D:1      | Reached XP level 2. HP: 9/18 MP: 2/2
   832 | D:1      | Reached XP level 3. HP: 22/22 MP: 3/3
  1081 | D:1      | Reached skill level 2 in Short Blades
  1257 | D:1      | You fall into a shaft and drop 1 floor!
  2148 | D:2      | Reached XP level 4. HP: 27/27 MP: 4/4
  3051 | D:3      | Found a snail-covered altar of Cheibriados.
  3121 | D:3      | Reached skill level 3 in Short Blades
  3256 | D:3      | Found a faded altar of an unknown god.
  3389 | D:4      | Reached XP level 5. HP: 28/32 MP: 5/5
  3597 | D:4      | Found a burning altar of Makhleb.
  3636 | D:4      | Found a sacrificial altar of Ru.
  3661 | D:4      | Found a basalt altar of Yredelemnul.
  3672 | D:4      | Reached skill level 4 in Short Blades
  3672 | D:4      | Reached XP level 6. HP: 12/37 MP: 6/6
  4184 | D:4      | Found a staircase to the Ecumenical Temple.
  4190 | Temple   | Entered the Ecumenical Temple
  4302 | Temple   | Became a worshipper of Warmaster Okawaru
  4508 | D:4      | Found a shadowy altar of Dithmenos.
  4771 | D:4      | Found a runed translucent gate.
  4772 | D:4      | Found a runed translucent gate.
  4773 | D:4      | Found a runed translucent gate.
  4775 | D:4      | Noticed Calibrex's ghost (amateur DsGl)
  4893 | D:5      | Entered Level 5 of the Dungeon
  4906 | D:5      | Noticed a sky beast
  4916 | D:5      | Killed a sky beast
  4917 | D:5      | Reached skill level 5 in Short Blades
  4917 | D:5      | Reached skill level 1 in Invocations
  4917 | D:5      | Reached XP level 7. HP: 32/42 MP: 7/7
  5461 | D:5      | Found Jequf's General Store.
  5873 | D:5      | Found Hacod's Antique Weapon Shoppe.
  5946 | D:5      | Reached * piety under Okawaru
  5947 | D:5      | Reached skill level 5 in Dodging
  6342 | D:5      | Found a hide-covered altar of Uskayaw.
  6452 | D:5      | Reached XP level 8. HP: 43/48 MP: 8/10
  6549 | D:5      | Reached skill level 6 in Short Blades
  6549 | D:5      | Reached skill level 5 in Crossbows
  6568 | D:5      | Reached skill level 5 in Fighting
  7548 | D:5      | Found a hazy altar of Hepliaklqana.
  7549 | D:5      | Noticed Blork the orc
  7562 | D:5      | Killed from afar by Blork the orc

Illustrated notes

Levels and vault maps discovered:
D:1:      scummos_arrival_simple_crosswalls, layout_basic
D:2:      layout_loops_ring
D:3:      layout_rooms, mainiacjoe_overflow_surrounded_room,
          shapermc_ecumenical_altar_mp_ritualfount
D:4:      layout_loops_ring, nicolae_overflow_crystal_walls,
          mainiacjoe_overflow_cross_hatched, kennysheep_mini,
          nicolae_ru_the_path_less_chosen, minmay_temple_entry_glass,
          ebering_ghost_rock_garden
D:5:      layout_cave_pools, beargit_hepliaklqana_dungeon_heroes,
          mainiacjoe_overflow_24_doors, serial_gnoll_camp,
          gnoll_camp_mini_basic, gnoll_camp_mini_sergeant,
          gnoll_camp_mini_basic, gnoll_camp_mini_shop, gup_sewer_entry_spiral,
          serial_shops, nicolae_take_the_stairs
Temple:   grunt_temple_mini_profane

Skill      XL: |  1  2  3  4  5  6  7  8 |
---------------+-------------------------+-----
Short Blades   | 1 2 3 4 5 6 |  6.5
Stealth        | 2 3 4 |  4.0
Dodging        | 3 4 5 |  5.1
Fighting       | 3 4 5 |  5.2
Invocations    | 1 2 3 |  3.4
Crossbows      | 5 |  5.5

Action                   |  1- 3 |  4- 6 |  7- 9 || total
-------------------------+-------+-------+-------++-------
Melee: Short sword       |    97 |    82 |    77 ||   256
 Fire: Hand crossbow     |    24 |    50 |   105 ||   179
  Use: Scroll            |     1 |     4 |       ||     5
       Potion            |       |       |     1 ||     1
 Stab: Sleeping          |    10 |    14 |     2 ||    26
Armor: Leather armour    |    23 |       |       ||    23
       Ring mail         |       |    24 |     2 ||    26
       Scale mail        |       |       |    43 ||    43
Dodge: Dodged            |    81 |    97 |   101 ||   279
